[Event "*** Titled Tuesday Blitz"]
[Site "Chess.com"]
[Date "2020.03.03"]
[Round "3"]
[White "Hubbery"]
[Black "ajian"]
[Result "1/2-1/2"]
[WhiteElo "2554"]
[BlackElo "2273"]
[TimeControl "180+1"]
[EndTime "9:32:34 PST"]
[Termination "Game drawn by repetition"]

1. d4 d5 2. c4 e6 3. Nc3 Nf6 4. cxd5 exd5 5. Bg5 c6 6. e3 Be7 7. Bd3 Nbd7 8. h3 O-O 9. Qc2 Re8 10.
Nf3 Nf8 11. O-O-O b5 12. g4 Be6 13. Ne5 Qb6 14. f4 N6d7 15. Bxe7 Rxe7 16. g5 Nxe5 17.
fxe5 a6 18. Ne2 Rc8 19. Kb1 c5 20. Qd2 c4 21. Bc2 b4 22. Rdf1 c3 23. Qd3 cxb2 24. Bb3 a5 25. Kxb2 Ra7 26. Ba4 Rac7 27. Rc1 Rc4 28. h4 g6 29. Bb3 Bf5 30. Qd2 Be4 31. Rhf1 a4 32. Bxa4 Qa5 33. Bb3 Qa3+ 34. Ka1 Ne6 35.
Qb2 Qa5 36. Nf4 Nxf4 37. exf4 Rc3 38. h5 gxh5 39. Rcd1 Bf5 40. Rd2 h4 41. Rh2 h3 42.
Rg1 Qa3 43. Rhh1 Qxb2+ 44. Kxb2 Kg7 45. Rh2 Be4 46. Rf2 Bf5 47. Rh2 Be4 48. Rf1 Bg2 49. Rf2 Rc1 50. Rfxg2 hxg2 51. Rxg2 R1c3 52. Bxd5 Rc1 53.
Bb3 Re1 54. d5 Rf1 55. d6 Rxf4 56. Rd2 Rd8 57. d7 Re4 58. Ba4 Rxe5 59. Rg2 Re7 60.
Kb3 Rexd7 61. Bxd7 Rxd7 62. Kxb4 Kg6 63. a4 Rb7+ 64.
Kc5 Rb1 65. a5 Ra1 66. Kb6 f6 67. gxf6+ Kxf6 68. a6 h5 69. Rf2+ Kg5 70. Rb2 Kg4 71. Rb4+ Kg3 72. Rb3+ Kg4 73. Rb4+ Kg3 74. a7 h4 75.
Rb3+ Kg2 76. Rb2+ Kg3 77. Rb3+ Kg2 78. Rb5 h3 79. Ra5 Rxa5 80. Kxa5 h2 81. a8=Q+ Kg1 82. Qg8+ Kh1 83. Qd5+ Kg1 84. Qg5+ Kh1 85. Qd2 Kg1 86. Qe3+ Kg2 87. Qe4+ Kg1 88. Qg4+ Kh1 89. Qe4+ Kg1 90. Qe3+ Kh1 91. Kb4 Kg2 92. Qe2+ Kg1 93. Qe3+ Kg2 94. Qg5+ Kh1 95. Qd5+ Kg1 96. Qd1+ Kg2 97. Qe2+ Kg1 98. Qe3+ Kg2 1/2-1/2

[Event "*** Titled Tuesday Blitz"]
[Site "Chess.com"]
[Date "2020.03.03"]
[Round "3"]
[White "isla88"]
[Black "malandragem"]
[Result "1/2-1/2"]
[WhiteElo "2293"]
[BlackElo "2575"]
[TimeControl "180+1"]
[EndTime "9:32:45 PST"]
[Termination "Game drawn by repetition"]

1. c4 c5 2. Nf3 Nc6 3. Nc3 e5 4.
e3 f5 5. d4 e4 6. d5 exf3 7. dxc6 bxc6 8. gxf3 Nf6 9. b3 g6 10. Bb2 Bg7 11. Qd2 Qe7 12. Be2 O-O 13. h4 d5 14. cxd5 cxd5 15. Nxd5 Nxd5 16. Bxg7 Kxg7 17.
Qxd5 Bb7 18. Qc4 Qf6 19. Rd1 Rad8 20. O-O f4 21. Rxd8 Rxd8 22. Qxf4 Qxf4 23. exf4 Rd2 24. Rd1 Rxe2 25. Rd7+ Kh6 26. Rxb7 Rxa2 27. Rb5 Rb2 28. Kg2 a6 29. Rxc5 Rxb3 30. Ra5 Rb6 31. Kg3 Rf6 32. Kg4 Kg7 33. Kg3 Kf7 34. f5 gxf5 35. Kf4 Kg6 36. Kg3 Rb6 37. h5+ Kf6 38. Kf4 Rb4+ 39. Ke3 Kg5 40. Rxa6 Rb3+ 41. Ke2 h6 42. Rg6+ Kxh5 43. Rg3 Kh4 44. Kf1 h5 45. Kg2 Rb4 46. Rh3+ Kg5 47. Rg3+ Kf6 48. Rh3 h4 49. Rh1 Kg5 50. Kh3 Kf4 51. Kg2 Kg5 52. Kh3 Rf4 53. Rg1+ Kh5 54. Kg2 Kg5 55. Kh3+ Kf6 56. Kg2 Ke5 57.
Re1+ Kd4 58. Rd1+ Kc3 59. Rd8 Kc4 60. Ra8 Kd3 61. Rd8+ Ke2 62. Re8+ Kd3 63. Rd8+ Kc4 64. Rc8+ Kd5 65. Rd8+ Ke5 66. Re8+ Kf6 67. Rg8 h3+ 68. Kxh3 Rxf3+ 69. Kg2 Rb3 70. Ra8 Kg5 71. Ra4 f4 72.
Re4 Kg4 73. Re8 f3+ 74. Kh2 Rb5 75. Rg8+ Kf4 76. Rf8+ Ke4 77. Re8+ Kf4 78. Rf8+ Ke4 79. Re8+ Kd4 80. Rf8 Rb3 81. Kg3 Ke4 82. Rf4+ Ke5 83. Rxf3 Rb4 84. Re3+ Kf5 85. Rf3+ Kg5 86. Re3 Kf5 87.
f3 Kg5 88. Ra3 Kf5 89. Ra5+ Kf6 90. f4 Rb1 91. Ra6+ Kf5 92. Ra5+ Kf6 93. Ra6+ Kf5 94. Ra5+ Kf6 1/2-1/2

[Event "*** Titled Tuesday Blitz"]
[Site "Chess.com"]
[Date "2020.03.03"]
[Round "3"]
[White "Oleksandr_Bortnyk"]
[Black "praveenb2002"]
[Result "1/2-1/2"]
[WhiteElo "2950"]
[BlackElo "2560"]
[TimeControl "180+1"]
[EndTime "9:32:55 PST"]
[Termination "Game drawn - insufficient material"]

1. e4 c5 2. c3 Nf6 3. e5 Nd5 4. d4 cxd4 5. Nf3 e6 6. cxd4 d6 7. Bc4 Nc6 8. O-O Be7 9. Qe2 O-O 10. Rd1 Bd7 11. Bxd5 exd5 12. Nc3 Be6 13. Bf4 a6 14. h3 h6 15. exd6 Bxd6 16. Bxd6 Qxd6 17. Ne5 Rac8 18. Nxc6 Rxc6 19. Rd3 b5 20. a3 Rfc8 21. Re1 Rc4 22.
Qd2 b4 23. axb4 Qxb4 24. Rg3 Kh8 25. Qf4 Qxb2 26. Qe5 Rg8 27. Rb1 Qc2 28. Rb8 f6 29. Rxg8+ Bxg8 30. Qe7 Qh7 31. Ne2 Rc6 32. Qb7 Re6 33. Nf4 Re1+ 34. Kh2 g5 35. Qxa6 Qf7 36. Nd3 Re4 37. Qb6 Qe6 38. Qa7 Qe7 39. Qb6 Qe6 40. Qb2 Re2 41. Qb8 Qe8 42. Qc7 Qe7 43. Qb6 Qe6 44. Qb4 Qe7 45. Qc3 Bh7 46. Qc8+ Qe8 47.
Qxe8+ Rxe8 48. Nb4 Bg8 49. Re3 Rb8 50. Nc6 Rc8 51. Ne7 Rc4 52. Nf5 Rc8 53. Nxh6 Bh7 54. Re7 Rc4 55. Ng4 Rxd4 56. Nxf6 Bg6 57. Rd7 Rf4 58.
Nxd5 Rxf2 59. Kg3 Rd2 60. Rd8+ Kg7 61. Rd7+ Bf7 62. Nb6 Rb2 63. Nc8 Rb3+ 64. Kh2 Kf6 65. Rd6+ Ke5 66. Rd2 Be6 67. Nd6 Rb4 68. Ne8 Kf5 69.
Ng7+ Kf6 70. Nh5+ Kg6 71. Ng3 Bf7 72. Rd6+ Kg7 73. Nf5+ Kf8 74. g4 Ke8 75. Rf6 Rb2+ 76. Kg1 Rb1+ 77. Kf2 Rb2+ 78. Ke3 Rb3+ 79. Kd4 Rxh3 80.
Nd6+ Ke7 81. Rxf7+ Kxd6 82. Rg7 Rg3 83. Rxg5 Ke6 84.
Ke4 Kf6 85. Rf5+ Kg6 86. Kf4 Ra3 87. Rb5 Ra4+ 88. Kg3 Ra3+ 89. Kh4 Ra1 90. Rb6+ Kg7 91. Kh5 Rh1+ 92. Kg5 Ra1 93. Rb7+ Kg8 94. Kh5 Ra6 95. g5 Rc6 96. Re7 Ra6 97. Kg4 Rb6 98. Kf5 Ra6 99. Rd7 Rb6 100. Kg4 Ra6 101. Rd4 Rb6 102. Kh5 Ra6 103. Rf4 Rb6 104. Ra4 Rc6 105. Ra8+ Kg7 106. Rd8 Rb6 107. Rc8 Ra6 108. Rc5 Rb6 109. Ra5 Rc6 110. g6 Rc1 111. Ra7+ Kg8 112. Ra4 Rh1+ 113. Kg5 Rg1+ 114. Kf6 Rf1+ 115. Kg5 Rg1+ 116. Kh5 Rh1+ 117. Rh4 Rxh4+ 118. Kxh4 Kg7 119. Kg4 Kxg6 1/2-1/2

[Event "*** Titled Tuesday Blitz"]
[Site "Chess.com"]
[Date "2020.03.03"]
[Round "3"]
[White "mitraasz"]
[Black "WeAintSurePal"]
[Result "1/2-1/2"]
[WhiteElo "2057"]
[BlackElo "2316"]
[TimeControl "180+1"]
[EndTime "9:34:18 PST"]
[Termination "Game drawn by 50-move rule"]

1. d4 d5 2. Nf3 c6 3. e3 f5 4. b3 Nf6 5. Bd3 e6 6. O-O Bd6 7. Ba3 O-O 8. Bxd6 Qxd6 9. Ne5 Nbd7 10. f4 Ne4 11. Nd2 Ndf6 12. Ndf3 Qe7 13. c4 Bd7 14.
Rc1 Be8 15. Qe2 Bh5 16. Rc2 Nd6 17. Rfc1 Rae8 18. cxd5 exd5 19. b4 a6 20. a4 Bxf3 21. gxf3 Kh8 22. Kh1 Nh5 23. Qf2 Rf6 24. Rg1 Rg8 25. Rg5 Rh6 26. Qh4 Nf7 27. Rxh5 Qf8 28. Rxh6 Nxh6 29. Rg2 Qxb4 30. Qxh6 Qe1+ 31. Rg1 Qxg1+ 32.
Kxg1 gxh6+ 33. Kf2 Rf8 34. Nd7 Rf7 35. Nc5 Kg7 36. Kg3 Kf6 37. e4 fxe4 38. fxe4 dxe4 39. Bxe4 Re7 40. Kf3 h5 41. d5 cxd5 42. Bxd5 Rc7 43. Nxb7 Rc3+ 44. Ke4 Rh3 45. Nc5 Rxh2 46. Nxa6 Re2+ 47.
Kd3 Rf2 48. Ke3 Rc2 49. Nb4 Rc5 50. Kd4 Ra5 51. Bc6 Kf5 52. Nd5 h4 53. Ne3+ Kf6 54.
Nc4 Ra7 55. a5 h3 56. Kc5 Rc7 57. Nd2 h2 58. Ne4+ Kf5 59. Nf2 h5 60. Kb6 Rg7 61. a6 Kxf4 62. Bb7 Rg6+ 63. Bc6 Ke3 64. Nh1 Rg7 65. a7 Rxa7 66. Kxa7 Ke2 67. Kb6 h4 68. Kc5 Kf1 69. Kd4 Kg1 70. Ke3 h3 71. Kf4 Kf1 72.
Kg4 Kg1 73. Kxh3 Kf1 74. Kxh2 Ke2 75. Kg3 Ke3 76. Nf2 Ke2 77. Bd5 Ke3 78. Ng4+ Kd4 79. Bf7 Kc3 80. Kf3 Kd4 81. Kf4 Kd3 82. Ne5+ Kd4 83.
Bg6 Kc3 84. Ke4 Kc2 85. Kd4+ Kd2 86. Nc4+ Kc1 87. Kc3 Kd1 88. Nd2 Ke2 89. Be4 Ke3 90. Bc6 Kf4 91. Kd4 Kf5 92. Ne4 Ke6 93. Bd5+ Kf5 94. Nc5 Kf4 95. Nd3+ Kf5 96. Be4+ Kf6 97. Kd5 Kg5 98. Ke5 Kh6 99. Kf6 Kh5 100. Ne5 Kh4 101. Kf5 Kg3 102. Kg5 Kf2 103. Kf4 Ke2 104. Nf3 Kd1 105. Ke3 Kc1 106. Kd3 Kb2 107. Nd2 Ka3 108. Kc3 Ka4 109. Kc4 Ka3 110. Kc3 Ka2 111. Nb3 Ka3 112. Nd4 Ka4 113.
Kc4 Ka3 114. Kc3 Ka2 115. Bc2 Ka1 116. Nb3+ Ka2 117. Bd1 Kb1 118. Bc2+ Ka2 119. Be4 Ka3 120. Bd5 Ka2 121. Nd2+ Ka1 122. Be4 Ka2 123. Nc4 Ka1 124. Nd2 1/2-1/2

[Event "*** Titled Tuesday Blitz"]
[Site "Chess.com"]
[Date "2020.03.03"]
[Round "4"]
[White "Grieve72"]
[Black "monstertube"]
[Result "1-0"]
[WhiteElo "2401"]
[BlackElo "2123"]
[TimeControl "180+1"]
[EndTime "9:35:39 PST"]
[Termination "Grieve72 won by resignation"]

1. e4 e5 2. Nf3 Nf6 3. Nxe5 d6 4. Nf3 Nxe4 5. Nc3 Nxc3 6. dxc3 Be7 7. Be3 Nd7 8. Qd2 Ne5 9. Be2 O-O 10. O-O-O Bd7 11. Nxe5 1-0

[Event "*** Titled Tuesday Blitz"]
[Site "Chess.com"]
[Date "2020.03.03"]
[Round "4"]
[White "Boorchess"]
[Black "saisree"]
[Result "1-0"]
[WhiteElo "2520"]
[BlackElo "2293"]
[TimeControl "180+1"]
[EndTime "9:36:13 PST"]
[Termination "Boorchess won by resignation"]

1. c4 c6 2. d4 d5 3. Nc3 Nf6 4.
cxd5 cxd5 5. f3 Nc6 6. e4 e5 7. dxe5 Nxe5 8. f4 Ng6 9. e5 Bg4 10. Bb5+ Nd7 11. Qxg4 1-0

[Event "*** Titled Tuesday Blitz"]
[Site "Chess.com"]
[Date "2020.03.03"]
[Round "4"]
[White "RitvarsReimanis"]
[Black "Anton_Demchenko"]
[Result "0-1"]
[WhiteElo "2618"]
[BlackElo "2975"]
[TimeControl "180+1"]
[EndTime "9:36:42 PST"]
[Termination "Anton_Demchenko won by resignation"]

1. d4 Nf6 2. c4 g6 3. Nc3 Bg7 4. e4 O-O 5. Nf3 d6 6. Be2 e5 7. O-O Na6 8. d5 Nc5 9. Qc2 a5 10. Be3 b6 11. Ne1 Bd7 12. b3 Qe7 13. Rb1 Nfxe4 14.
Nd3 Nxc3 15. Qxc3 e4 0-1

[Event "*** Titled Tuesday Blitz"]
[Site "Chess.com"]
[Date "2020.03.03"]
[Round "4"]
[White "AndrewMaco"]
[Black "Misha_Bilous"]
[Result "0-1"]
[WhiteElo "2658"]
[BlackElo "2473"]
[TimeControl "180+1"]
[EndTime "9:37:36 PST"]
[Termination "Misha_Bilous won by resignation"]

1. e4 c5 2. Nf3 d6 3. d4 cxd4 4. Nxd4 Nf6 5. Nc3 a6 6. f3 e5 7. Nb3 Be6 8. Be3 h5 9. Nd5 Bxd5 10. exd5 g6 11. Qd2 Bg7 12. O-O-O O-O 13. Kb1 Nbd7 14.
Be2 Rc8 15. g4 Nb6 16. Bg5 Qe8 17. Bxf6 Bxf6 18. gxh5 e4 19. fxe4 Na4 20. c3 Rxc3 21.
bxc3 Nxc3+ 22. Kc1 Nxd1 23. Rxd1 Qxe4 24. hxg6 Rc8+ 0-1

[Event "*** Titled Tuesday Blitz"]
[Site "Chess.com"]
[Date "2020.03.03"]
[Round "4"]
[White "Sven_Tica"]
[Black "juniortay"]
[Result "0-1"]
[WhiteElo "2664"]
[BlackElo "2500"]
[TimeControl "180+1"]
[EndTime "9:37:50 PST"]
[Termination "juniortay won by resignation"]

1. d4 d5 2. c4 e6 3. Nf3 c5 4. cxd5 exd5 5. g3 Nc6 6. Bg2 Nf6 7. O-O cxd4 8. Nxd4 Bc5 9. Nxc6 bxc6 10. Nc3 O-O 11. b3 Ba6 12. Bb2 Re8 13. Rc1 Bb6 14. Bf3 h5 15. h4 Ng4 16. Na4 Qd6 17. Nxb6 axb6 18.
Qd4 f6 19. Rfe1 Rab8 20. e4 Ne5 21. Be2 Bxe2 22. Rxe2 Nf3+ 0-1

[Event "*** Titled Tuesday Blitz"]
[Site "Chess.com"]
[Date "2020.03.03"]
[Round "4"]
[White "INDIAN-ELEPHANT"]
[Black "Firouzja2003"]
[Result "0-1"]
[WhiteElo "2739"]
[BlackElo "3078"]
[TimeControl "180+1"]
[EndTime "9:37:53 PST"]
[Termination "Firouzja2003 won by resignation"]

1. d4 Nf6 2. Nf3 g6 3. c4 Bg7 4. Nc3 O-O 5. Bg5 d6 6. e3 c6 7. Be2 Qa5 8. O-O Bg4 9. Bh4 Nbd7 10.
Nd2 Bxe2 11. Qxe2 Rfe8 12. Nb3 Qa6 13. Rfd1 Nb6 14. Nd2 Nfd7 15. a4 d5 16. b3 e5 17.
cxd5 Qxe2 18. Nxe2 Nxd5 19. Nc4 exd4 20. Nxd4 Nc5 21.
Rab1 Nc3 0-1

[Event "*** Titled Tuesday Blitz"]
[Site "Chess.com"]
[Date "2020.03.03"]
[Round "4"]
[White "rogapa"]
[Black "AleksanderHnydiuk"]
[Result "1-0"]
[WhiteElo "2748"]
[BlackElo "2560"]
[TimeControl "180+1"]
[EndTime "9:38:15 PST"]
[Termination "rogapa won by resignation"]

1. e4 c5 2. Nf3 e6 3. d4 cxd4 4.
Nxd4 Nc6 5. Nc3 a6 6. Nxc6 bxc6 7. Bd3 d5 8. O-O Nf6 9. Qf3 Be7 10. Qg3 O-O 11. Bh6 Ne8 12. Bf4 Bb7 13. Rad1 Bh4 14. Qh3 h6 15. Na4 Bg5 16. Bxg5 Qxg5 17. Nc5 Qe7 18. b4 a5 19. a3 axb4 20. axb4 Nc7 21.
Nxb7 Qxb4 22. Rb1 Qe7 23. Qe3 1-0

[Event "*** Titled Tuesday Blitz"]
[Site "Chess.com"]
[Date "2020.03.03"]
[Round "4"]
[White "pouya21"]
[Black "Reshetkov"]
[Result "1-0"]
[WhiteElo "2732"]
[BlackElo "2552"]
[TimeControl "180+1"]
[EndTime "9:38:16 PST"]
[Termination "pouya21 won by resignation"]

1. e4 Nf6 2. e5 Nd5 3. d4 d6 4. Nf3 g6 5. Bc4 Nb6 6. Bb3 Bg7 7. Qe2 d5 8. c3 Bf5 9. Be3 Na6 10. Nbd2 Rc8 11.
Nh4 Bd7 12. f4 e6 13. Nhf3 c5 14. O-O O-O 15. Qf2 cxd4 16. Bxd4 Na4 17. Bxa4 Bxa4 18.
Bxa7 f6 19. exf6 Qxf6 20. g3 Qf5 21. Bd4 Nb8 22. Bxg7 Kxg7 23. Qd4+ 1-0

[Event "*** Titled Tuesday Blitz"]
[Site "Chess.com"]
[Date "2020.03.03"]
[Round "4"]
[White "guillembaches"]
[Black "Funkmaus"]
[Result "1/2-1/2"]
[WhiteElo "2397"]
[BlackElo "2227"]
[TimeControl "180+1"]
[EndTime "9:38:16 PST"]
[Termination "Game drawn by agreement"]

1. e4 c6 2. c4 d5 3. exd5 cxd5 4. cxd5 Nf6 5. Nc3 Nxd5 6. Nf3 g6 7. Bc4 Nxc3 8. bxc3 Bg7 9. h4 h5 10. Qb3 O-O 11.
Ng5 e6 12. Ba3 Re8 13. d4 Nc6 14. Bb5 Bd7 15. Qd1 a6 16. Bd3 Nxd4 17. O-O Nf5 18. Rb1 Bc6 19. Be4 1/2-1/2

[Event "*** Titled Tuesday Blitz"]
[Site "Chess.com"]
[Date "2020.03.03"]
[Round "4"]
[White "bangchess21"]
[Black "TwentyHourADay"]
[Result "1-0"]
[WhiteElo "2598"]
[BlackElo "2306"]
[TimeControl "180+1"]
[EndTime "9:38:21 PST"]
[Termination "bangchess21 won by resignation"]

1. d4 g6 2. e4 Bg7 3. Nc3 d6 4. Nf3 a6 5. a4 b6 6. h3 e6 7. Bc4 h6 8. Bb3 Ne7 9. O-O Bb7 10. Bf4 Nd7 11. Bh2 O-O 12. Qd2 Nf6 13. Rfe1 Kh7 14. Qe3 Qe8 15. Rad1 Rd8 16. Qe2 Nc6 17. Bg3 e5 18. dxe5 Nxe5 19. Nxe5 dxe5 20. Rxd8 Qxd8 21. Bxe5 Nxe4 22. Bxg7 1-0

[Event "*** Titled Tuesday Blitz"]
[Site "Chess.com"]
[Date "2020.03.03"]
[Round "4"]
[White "saraswathii"]
[Black "swayamsm"]
[Result "0-1"]
[WhiteElo "2236"]
[BlackElo "2492"]
[TimeControl "180+1"]
[EndTime "9:38:24 PST"]
[Termination "swayamsm won by resignation"]

1. d4 Nf6 2. Bf4 g6 3. e3 Bg7 4. Nf3 d6 5. Be2 b6 6. O-O Bb7 7. c4 O-O 8. h3 Ne4 9. Nbd2 Nd7 10. Nxe4 Bxe4 11. Nd2 Bb7 12. a4 a5 13. Bf3 Qb8 14. Bxb7 Qxb7 15. Qf3 Rfb8 16. Qxb7 Rxb7 17. Rfc1 c5 18.
Nf3 cxd4 19. exd4 e5 20. Be3 Rc8 21. dxe5 dxe5 22. Ra3 Rbc7 23. b3 e4 24. Nd4 Nc5 25.
Rc2 Rd7 26. Nb5 Rd1+ 27. Kh2 Be5+ 28. g3 Nd3 29. Bxb6 Ne1 0-1

[Event "*** Titled Tuesday Blitz"]
[Site "Chess.com"]
[Date "2020.03.03"]
[Round "4"]
[White "marcodobrikov"]
[Black "Elshan1985"]
[Result "1-0"]
[WhiteElo "2573"]
[BlackElo "2717"]
[TimeControl "180+1"]
[EndTime "9:38:33 PST"]
[Termination "marcodobrikov won by resignation"]

1. e4 e6 2. d4 d5 3. Nc3 Nf6 4. Bg5 dxe4 5. Nxe4 Be7 6. Bxf6 gxf6 7. Nf3 f5 8. Nc3 a6 9. Qd2 b5 10. O-O-O Qd6 11.
Kb1 Nd7 12. Be2 Bb7 13. Rhg1 O-O-O 14. Qe3 h5 15. Ne5 Nxe5 16. dxe5 Qc5 17. Rxd8+ Kxd8 18. Qg3 h4 19. Qg7 Rf8 20. Rd1+ Kc8 21. Bh5 b4 22. Na4 Qc6 23. Bxf7 Rd8 24. Rxd8+ Bxd8 25. Qg8 Kd7 26. Bxe6+ 1-0

[Event "*** Titled Tuesday Blitz"]
[Site "Chess.com"]
[Date "2020.03.03"]
[Round "4"]
[White "ajian"]
[Black "IMRosen"]
[Result "1-0"]
[WhiteElo "2286"]
[BlackElo "2494"]
[TimeControl "180+1"]
[EndTime "9:38:35 PST"]
[Termination "ajian won by checkmate"]

1. d4 d5 2. c4 e6 3. Nc3 Nf6 4. cxd5 exd5 5. Bg5 c6 6. Qc2 Bd6 7. e3 O-O 8. Bd3 h6 9. Bh4 Re8 10. Nf3 a5 11. O-O Na6 12. a3 Bg4 13. Nd2 Bd7 14. Nf3 Nc7 15. Rab1 Bg4 16. Nd2 Bd7 17. Nf3 Ne6 18. b4 axb4 19. axb4 b5 20. Ne5 Ng5 21. f4 Ngh7 22. Bxh7+ Kh8 23. Nxf7# 1-0

[Event "*** Titled Tuesday Blitz"]
[Site "Chess.com"]
[Date "2020.03.03"]
[Round "4"]
[White "SubrotaBiswas"]
[Black "ZEN-22"]
[Result "0-1"]
[WhiteElo "2478"]
[BlackElo "2246"]
[TimeControl "180+1"]
[EndTime "9:38:35 PST"]
[Termination "ZEN-22 won by resignation"]

1. e4 d5 2. exd5 c6 3. Nf3 cxd5 4. Bb5+ Nc6 5. Ne5 Qb6 6. Qe2 a6 7. Ba4 Nf6 8. Nc3 e6 9. O-O Bd6 10. d4 O-O 11. Bxc6 bxc6 12. Bg5 Nd7 13. Na4 Qxd4 14. Nxd7 Bxd7 15. b3 Qe5 16. Qxe5 Bxe5 17. Nb6 Bxa1 18. Nxd7 Bc3 19. Nxf8 Kxf8 20. Be3 a5 21. Bc5+ Ke8 22. a4 Bb4 23. Bd4 f6 24. f4 c5 25. Bb2 Kd7 26.
Kf2 d4 27. Rd1 Kc6 28. Ke2 Re8 29. Kd3 e5 30. fxe5 Rxe5 31. Kc4 Re2 32. Rc1 Rxg2 33. h3 Rg3 34. h4 Ba3 35. Rg1 Rxg1 0-1

[Event "*** Titled Tuesday Blitz"]
[Site "Chess.com"]
[Date "2020.03.03"]
[Round "4"]
[White "VitaliyBernadskiy"]
[Black "riconaipe"]
[Result "1-0"]
[WhiteElo "2791"]
[BlackElo "2576"]
[TimeControl "180+1"]
[EndTime "9:38:48 PST"]
[Termination "VitaliyBernadskiy won by resignation"]

1. d4 d5 2. c4 e6 3. Nf3 a6 4. Bg5 Be7 5. Bxe7 Nxe7 6. Nbd2 O-O 7. g3 c6 8. Bg2 b5 9. cxb5 cxb5 10. O-O Bb7 11.
Rc1 Nd7 12. Nb3 Rc8 13. Qd3 Nc6 14. a3 Na5 15. Rxc8 Bxc8 16. Nxa5 Qxa5 17. Rc1 Bb7 18. Ng5 g6 19. Qe3 b4 20. axb4 Qxb4 21. Rc7 Rc8 22. Rxd7 Qe1+ 23. Bf1 Rc1 24. Rd8+ Kg7 25.
Qe5+ f6 26. Rd7+ Kg8 27. Qxe6+ 1-0

[Event "*** Titled Tuesday Blitz"]
[Site "Chess.com"]
[Date "2020.03.03"]
[Round "4"]
[White "ckgchess"]
[Black "Vaathi_Coming"]
[Result "0-1"]
[WhiteElo "2692"]
[BlackElo "2855"]
[TimeControl "180+1"]
[EndTime "9:38:53 PST"]
[Termination "Vaathi_Coming won by resignation"]

1. e4 c6 2. d4 d5 3. e5 c5 4. dxc5 e6 5. a3 Bxc5 6. Qg4 Ne7 7. Bd3 Ng6 8. Nf3 Nc6 9. O-O Qc7 10. Re1 Bd7 11. Nc3 a6 12. Qg3 O-O-O 13. h4 f6 14. b4 Ba7 15. Bxg6 hxg6 16. b5 Nd4 17. Bb2 Nxf3+ 18. Qxf3 fxe5 19. bxa6 Rdf8 20. axb7+ Qxb7 0-1

[Event "*** Titled Tuesday Blitz"]
[Site "Chess.com"]
[Date "2020.03.03"]
[Round "4"]
[White "JakeCarlosBanawa"]
[Black "Eliclax"]
[Result "1-0"]
[WhiteElo "2424"]
[BlackElo "1894"]
[TimeControl "180+1"]
[EndTime "9:38:54 PST"]
[Termination "JakeCarlosBanawa won by resignation"]

1. d4 Nf6 2. c4 e6 3. Nc3 Bb4 4. Nf3 b6 5. Bg5 Bb7 6. e3 c5 7.
Bd3 h6 8. Bh4 d5 9. cxd5 Bxd5 10. O-O Bxc3 11. bxc3 c4 12. Bc2 Qc7 13. Ne5 Nbd7 14.
Nxd7 Qxd7 15. f3 Bb7 16. e4 g5 17. Bf2 Rd8 18. Rb1 b5 19. a4 a6 20. axb5 axb5 21. Rxb5 Qxb5 22. Ba4 Bc6 23. Bxb5 Bxb5 24. Qb1 Rb8 25.
Qb4 Kd7 26. Ra1 Rhc8 27. Ra7+ Rc7 28. Rxc7+ Kxc7 29. Bg3+ 1-0

[Event "*** Titled Tuesday Blitz"]
[Site "Chess.com"]
[Date "2020.03.03"]
[Round "4"]
[White "tbalabayev"]
[Black "Chessalary"]
[Result "0-1"]
[WhiteElo "2457"]
[BlackElo "2230"]
[TimeControl "180+1"]
[EndTime "9:39:01 PST"]
[Termination "Chessalary won on time"]

1. Nf3 d5 2. g3 c6 3. Bg2 Nd7 4.
O-O e5 5. d3 Ngf6 6. Nbd2 Bd6 7.
e4 O-O 8. a4 Qe7 9. a5 Re8 10.
Qe2 Nf8 11. Re1 Ng6 12. Nf1 h6 13. c3 dxe4 14. dxe4 Be6 15. Qc2 Red8 16. Ne3 Qc7 0-1

[Event "*** Titled Tuesday Blitz"]
[Site "Chess.com"]
[Date "2020.03.03"]
[Round "4"]
[White "NiranjanNavalgund"]
[Black "MikeSailer"]
[Result "0-1"]
[WhiteElo "2410"]
[BlackElo "2114"]
[TimeControl "180+1"]
[EndTime "9:39:02 PST"]
[Termination "MikeSailer won by resignation"]

1. e4 d5 2. exd5 Qxd5 3. Nc3 Qd6 4. b4 Nf6 5. Bc4 Bg4 6. Nf3 e6 7. O-O Be7 8. b5 O-O 9. Ba3 Qxa3 10. h3 Bxf3 11.
Qxf3 c6 12. Rab1 Nd5 13. bxc6 bxc6 14. Nxd5 cxd5 15. Rb3 Qc5 16. Bd3 Nc6 17. Qh5 g6 18.
Qh6 Ne5 19. Be2 Qxc2 20. Rg3 Bf6 21. h4 Bg7 22. Qf4 Qe4 23. Qe3 Qxe3 24. fxe3 Nc4 25. Rd1 Rab8 26. h5 Rb2 27. hxg6 hxg6 28. Bxc4 dxc4 29.
a4 Rd8 30. Rg4 c3 31. d3 c2 32. Rf1 Rc8 33. Rc4 Rxc4 34. dxc4 Rb1 0-1

[Event "*** Titled Tuesday Blitz"]
[Site "Chess.com"]
[Date "2020.03.03"]
[Round "4"]
[White "ethylalcohol"]
[Black "IMDT02"]
[Result "0-1"]
[WhiteElo "2142"]
[BlackElo "2466"]
[TimeControl "180+1"]
[EndTime "9:39:04 PST"]
[Termination "IMDT02 won by checkmate"]

1. d4 Nf6 2. Nf3 e6 3. Bf4 b6 4. e3 Bb7 5. Nbd2 h6 6. h3 Rg8 7.
Bd3 g5 8. Bg3 d6 9. e4 Nbd7 10.
Qe2 Nh5 11. O-O-O Nxg3 12. fxg3 Bg7 13. Rhf1 Qe7 14. e5 O-O-O 15. exd6 cxd6 16. Ba6 Nf6 17. Kb1 Kb8 18. Bxb7 Qxb7 19. c4 Rc8 20. Rc1 Rgd8 21.
Nb3 Qe4+ 22. Qxe4 Nxe4 23. g4 f5 24. gxf5 exf5 25. d5 Re8 26. Nfd4 Bxd4 27. Nxd4 Nd2+ 28. Ka1 Nxf1 29. Rxf1 Rxc4 30. Nxf5 Rf4 31. Rxf4 Re1# 0-1

[Event "*** Titled Tuesday Blitz"]
[Site "Chess.com"]
[Date "2020.03.03"]
[Round "4"]
[White "Zavgorodniy_Serg"]
[Black "Martins-BR"]
[Result "1-0"]
[WhiteElo "2539"]
[BlackElo "2325"]
[TimeControl "180+1"]
[EndTime "9:39:07 PST"]
[Termination "Zavgorodniy_Serg won by resignation"]

1. e4 c5 2. Nf3 e6 3. d3 Nc6 4. g3 d6 5. Bg2 Be7 6. O-O Nf6 7. c3 O-O 8. Re1 Qc7 9. d4 cxd4 10.
cxd4 d5 11. e5 Nd7 12. Nc3 a6 13. h4 b5 14. Be3 b4 15. Ne2 Nb6 16. b3 Bd7 17. Nf4 f6 18. exf6 Bxf6 19. Rc1 Rae8 20. Nd3 a5 21. Bf4 Qd8 22. Nde5 Nxe5 23. Bxe5 Bc8 24. Bc7 1-0

[Event "*** Titled Tuesday Blitz"]
[Site "Chess.com"]
[Date "2020.03.03"]
[Round "4"]
[White "Gogolev_Artemy"]
[Black "szefru"]
[Result "1-0"]
[WhiteElo "2493"]
[BlackElo "2157"]
[TimeControl "180+1"]
[EndTime "9:39:18 PST"]
[Termination "Gogolev_Artemy won by resignation"]

1. d4 d5 2. c4 c6 3. Nf3 Nf6 4.
e3 e6 5. Nc3 Nbd7 6. Bd3 dxc4 7. Bxc4 b5 8. Be2 a6 9. O-O Bb7 10. e4 b4 11. e5 bxc3 12. exf6 Nxf6 13. bxc3 c5 14. Ne5 cxd4 15. Qa4+ Nd7 16. Rd1 Bc5 17.
cxd4 Bd6 18. Rb1 Bd5 19. Bh5 g6 20. Bg5 Be7 21. Bxe7 Qxe7 22. Bf3 Bxf3 23. gxf3 f6 24. Rb7 Rd8 25. Nc6 Qd6 26. Nxd8 Kxd8 27. d5 Nc5 28. dxe6 Nd3 29. Rd7+ 1-0

[Event "*** Titled Tuesday Blitz"]
[Site "Chess.com"]
[Date "2020.03.03"]
[Round "4"]
[White "MaxLeto"]
[Black "wonderfultime"]
[Result "0-1"]
[WhiteElo "2409"]
[BlackElo "3009"]
[TimeControl "180+1"]
[EndTime "9:39:22 PST"]
[Termination "wonderfultime won on time"]

1. g4 d5 2. g5 e5 3. h4 Nc6 4.
d3 h6 5. Bg2 hxg5 6. Bxg5 Be7 7. Nf3 Be6 8. Nc3 f6 9. Bd2 Qd7 10. e4 d4 11. Ne2 a5 12. Ng3 Nh6 13. h5 a4 14. Nh4 a3 15. b3 O-O-O 16. Ng6 Rhe8 17.
Nxe7+ Qxe7 18. Qe2 Qc5 19. O-O-O Nb4 20. Bxb4 Qxb4 21.
Qd2 Qc5 22. Kb1 Rd6 23. Rhf1 Rc6 24. f4 Ng4 25. fxe5 fxe5 0-1

[Event "*** Titled Tuesday Blitz"]
[Site "Chess.com"]
[Date "2020.03.03"]
[Round "4"]
[White "piscatorox"]
[Black "FMPowerwolf"]
[Result "1-0"]
[WhiteElo "2273"]
[BlackElo "2485"]
[TimeControl "180+1"]
[EndTime "9:39:28 PST"]
[Termination "piscatorox won by resignation"]

1. e4 d6 2. b3 Nf6 3. Nc3 c5 4.
Bb2 g6 5. Nd5 e5 6. Nxf6+ Qxf6 7. g3 Nc6 8. Bg2 Bg7 9. Ne2 Qe7 10. O-O O-O 11. Nc3 Be6 12. f4 Qd7 13. f5 gxf5 14.
exf5 Bxf5 15. Nd5 Bg6 16. Nf6+ Bxf6 17. Rxf6 Kg7 18. Qf3 Nd4 19. Bxd4 cxd4 20. Rf1 Rac8 21. h4 h5 22. d3 Rxc2 23. Rxg6+ Kxg6 24. Qf6+ Kh7 25. Be4+ Kg8 26. Qg5+ 1-0